 Dungeon Crawl Stone Soup version 0.28-a0-313-gbc0475efdd (webtiles) character file.

Game seed: 16532267358171492636

201 frimble the Chiller (level 5, -1/37 HPs)
             Began as a Gnoll Ice Elementalist on Sept 1, 2021.
             Slain by an ogre (20 damage)
             ... on level 3 of the Dungeon.
             The game lasted 00:03:29 (4827 turns).

frimble the Chiller (Gnoll Ice Elementalist)        Turns: 4827, Time: 00:03:30

Health: -1/37      AC: 11    Str:  8    XL:     5   Next: 79%
Magic:  9/12       EV: 13    Int: 15    God:
Gold:   76         SH:  0    Dex: 12    Spells: 7/14 levels left

rFire   . . .      SeeInvis .   f - +4 hand axe
rCold   . . .      Faith    .   (no shield)
rNeg    . . .      Spirit   .   a - +0 robe
rPois   .          Reflect  .   (no helmet)
rElec   .          Harm     .   j - +0 cloak
rCorr   .          Rampage  .   i - +0 pair of gloves
Will    .....                   (no boots)
Stlth   +++.......              (no amulet)
HPRegen 0.12/turn               (no ring)
MPRegen 0.13/turn               (no ring)

@: ice-armoured
A: fangs 1, strong nose, distributed training
a: no special abilities


You were on level 3 of the Dungeon.
You visited 1 branch of the dungeon, and saw 3 of its levels.

You collected 76 gold pieces.

Inventory:

Hand Weapons
 f - a +4 hand axe (weapon)
Armour
 a - a +0 robe (worn)
 i - a +0 pair of gloves (worn)
 j - a +0 cloak (worn)
Scrolls
 d - 2 scrolls of enchant weapon
Potions
 b - a potion of brilliance {unknown}
 c - a potion of might {unknown}
 e - 4 potions of attraction {unknown}
 g - a potion of lignification {unknown}
 h - a potion of mutation {unknown}


   Skills:
 + Level 1.6 Fighting
 + Level 1.6 Short Blades
 + Level 1.6 Long Blades
 + Level 1.6 Axes
 + Level 1.6 Maces & Flails
 + Level 1.6 Polearms
 + Level 1.6 Staves
 + Level 1.6 Slings
 + Level 1.6 Bows
 + Level 1.6 Crossbows
 + Level 1.6 Throwing
 + Level 1.6 Armour
 + Level 4.8 Dodging
 + Level 4.4 Stealth
 + Level 1.6 Shields
 + Level 1.6 Unarmed Combat
 + Level 5.2 Spellcasting
 + Level 1.3 Conjurations
 + Level 1.3 Hexes
 + Level 1.3 Summonings
 + Level 1.3 Necromancy
 + Level 1.3 Translocations
 + Level 1.3 Transmutations
 + Level 1.3 Fire Magic
 + Level 7.2 Ice Magic
 + Level 1.3 Air Magic
 + Level 1.3 Earth Magic
 + Level 1.3 Poison Magic
 + Level 1.8 Invocations
 + Level 1.6 Evocations


You had 7 spell levels left.
You knew the following spells:

 Your Spells              Type           Power      Damage    Failure   Level
a - Freeze                Ice            100%       1d11      1%          1
b - Ozocubu's Armour      Ice            25%        N/A       2%          3
c - Frozen Ramparts       Ice            50%        1d7       2%          3

Your spell library contained the following spells:

 Spells                   Type           Power      Damage    Failure   Level
 Summon Small Mammal      Summ           28%        N/A       10%         1
 Hailstorm                Conj/Ice       16%        3d6       26%         4
 Call Canine Familiar     Summ           7%         N/A       28%         3
 Summon Guardian Golem    Hex/Summ       7%         N/A       28%         3


Dungeon Overview and Level Annotations

Branches:
Dungeon (3/15)

Altars:


Innate Abilities, Weirdness & Mutations

You have very sharp teeth.
Your uncanny sense of smell can sniff out nearby items.
Your experience applies equally to all skills.


Message History

You see here a hobgoblin corpse.
You barely miss the bat. The bat closely misses you. x2
You closely miss the bat. The bat misses you. The bat closely misses you.
You hit the bat.
You kill the bat!
A goblin comes into view. It is wielding a +0 club.
A goblin is nearby!
A goblin is nearby!
An ogre comes into view. It is wielding a +0 giant spiked club.
The ogre shouts!
The goblin misses you.
You barely miss the goblin. The goblin barely misses you.
You closely miss the goblin. The goblin barely misses you.
The goblin hits you with a +0 club.
You closely miss the goblin. The goblin barely misses you.
You completely miss the goblin. The goblin closely misses you.
You hit the ogre.
The ogre is lightly wounded.
You closely miss the goblin. The ogre closely misses you.
The goblin closely misses you.
You hit the ogre.
The ogre is lightly wounded.
You hit the goblin.
You kill the goblin!
The ogre hits you with a +0 giant spiked club!!
Ouch! That really hurt!
You are too injured to fight recklessly!
You are too injured to fight recklessly!
You are too injured to fight recklessly!
Casting: Frozen Ramparts (dangerous; 2% risk of failure)
Confirm with . or Enter, or press ? or * to list all spells.
Okay, then.
Okay, then.
Okay, then.
Casting: Frozen Ramparts (dangerous; 2% risk of failure)
Confirm with . or Enter, or press ? or * to list all spells.
A film of ice covers your body!
The ogre hits you with a +0 giant spiked club!!
Ouch! That really hurt!
You die...

#.....###.##.# #.....(##.#
... ∆ #....#....# ####
#.....####.## ### #.....
#.# #.#
#.....####.#######.#
#####...........##.########
#####..................
#.@O†..).........#.
#####.##...######......
#...<.....## #....##
#.........# ######
#..<......# ###########


You could see an ogre.

Vanquished Creatures
  Crazy Yiuf (D:2)
  3 gnolls
  7 adders (D:2)
  A worm (D:2)
  A dart slug (D:1)
  5 bats
  7 endoplasms
  3 giant cockroaches (D:1)
  A goblin (D:3)
  6 hobgoblins
  6 jackals
  3 quokkas
  20 ball pythons
  2 frilled lizards (D:1)
  6 kobolds
  A rat (D:1)
73 creatures vanquished.

Notes
Turn   | Place    | Note
-------+----------+-------------------------------------------
     0 | D:1      | frimble the Gnoll Ice Elementalist began the quest for the
                  | Orb.
     0 | D:1      | Reached XP level 1. HP: 13/13 MP: 6/6
   273 | D:1      | Reached XP level 2. HP: 19/19 MP: 5/7
   448 | D:1      | Found a faded altar of an unknown god.
  1042 | D:1      | Reached XP level 3. HP: 10/25 MP: 9/9
  1244 | D:1      | Reached skill level 5 in Spellcasting
  1707 | D:1      | Reached skill level 1 in Invocations
  2086 | D:1      | Learned a level 3 spell: Ozocubu's Armour
  2090 | D:1      | Learned a level 3 spell: Frozen Ramparts
  2345 | D:1      | Reached skill level 1 in Fighting
  2345 | D:1      | Reached skill level 1 in Short Blades
  2345 | D:1      | Reached skill level 1 in Long Blades
  2345 | D:1      | Reached skill level 1 in Axes
  2345 | D:1      | Reached skill level 1 in Maces & Flails
  2345 | D:1      | Reached skill level 1 in Polearms
  2345 | D:1      | Reached skill level 1 in Staves
  2345 | D:1      | Reached skill level 1 in Slings
  2345 | D:1      | Reached skill level 1 in Bows
  2345 | D:1      | Reached skill level 1 in Crossbows
  2345 | D:1      | Reached skill level 1 in Throwing
  2345 | D:1      | Reached skill level 1 in Armour
  2345 | D:1      | Reached skill level 1 in Shields
  2345 | D:1      | Reached skill level 1 in Unarmed Combat
  2345 | D:1      | Reached skill level 1 in Evocations
  2449 | D:2      | Reached XP level 4. HP: 31/32 MP: 3/11
  2748 | D:2      | Reached skill level 1 in Conjurations
  2748 | D:2      | Reached skill level 1 in Hexes
  2748 | D:2      | Reached skill level 1 in Summonings
  2748 | D:2      | Reached skill level 1 in Necromancy
  2748 | D:2      | Reached skill level 1 in Translocations
  2748 | D:2      | Reached skill level 1 in Transmutations
  2748 | D:2      | Reached skill level 1 in Fire Magic
  2748 | D:2      | Reached skill level 1 in Air Magic
  2748 | D:2      | Reached skill level 1 in Earth Magic
  2748 | D:2      | Reached skill level 1 in Poison Magic
  3118 | D:2      | Reached XP level 5. HP: 37/37 MP: 12/12
  4370 | D:2      | Found a runed translucent door.
  4371 | D:2      | Noticed Crazy Yiuf
  4477 | D:2      | Killed Crazy Yiuf
  4789 | D:3      | Noticed an ogre
  4827 | D:3      | Slain by an ogre

Illustrated notes

Levels and vault maps discovered:
D:1:      shiori_arrival_maze, layout_basic, basic_ecumenical_altar,
          minmay_liquid_box
D:2:      layout_loops_ring, minmay_snake_closets, uniq_crazy_yiuf_cottage
D:3:      layout_rooms, serial_aquarium, aquarium_bridge_square
          [aquarium_subvault_wall, aquarium_subvault_bridge,
          aquarium_subvault_balcony, aquarium_subvault_window],
          aquarium_bridge_island_small [aquarium_subvault_small_open,
          aquarium_subvault_wall, aquarium_subvault_bridge,
          aquarium_subvault_balcony, aquarium_subvault_bridge],
          aquarium_window_fake, aquarium_window_1, aquarium_window_corridor_2,
          aquarium_view_2a, supply_closet_lemuel, lemuel_another_geyser

Skill      XL: |  1  2  3  4 |
---------------+-------------+-----
Spellcasting   | 5 |  5.2
Invocations    | 1 |  1.8
Fighting       | 1 |  1.6
Short Blades   | 1 |  1.6
Long Blades    | 1 |  1.6
Axes           | 1 |  1.6
Maces & Flails | 1 |  1.6
Polearms       | 1 |  1.6
Staves         | 1 |  1.6
Slings         | 1 |  1.6
Bows           | 1 |  1.6
Crossbows      | 1 |  1.6
Throwing       | 1 |  1.6
Armour         | 1 |  1.6
Shields        | 1 |  1.6
Unarmed Combat | 1 |  1.6
Evocations     | 1 |  1.6
Conjurations   | 1 |  1.3
Hexes          | 1 |  1.3
Summonings     | 1 |  1.3
Necromancy     | 1 |  1.3
Translocations | 1 |  1.3
Transmutations | 1 |  1.3
Fire Magic     | 1 |  1.3
Air Magic      | 1 |  1.3
Earth Magic    | 1 |  1.3
Poison Magic   | 1 |  1.3
Dodging        | |  4.8
Stealth        | |  4.4
Ice Magic      | |  7.2

Action                   |  1- 3 |  4- 6 || total
-------------------------+-------+-------++-------
Melee: Unarmed           |    24 |       ||    24
       Bite              |     5 |     4 ||     9
       Hand axe          |    46 |   122 ||   168
 Cast: Freeze            |    22 |       ||    22
       Ozocubu's Armour  |     2 |     6 ||     8
       Frozen Ramparts   |     2 |     1 ||     3
  Use: Scroll            |     2 |       ||     2
 Stab: Sleeping          |     9 |    17 ||    26
Armor: Robe              |     6 |    17 ||    23
Dodge: Dodged            |    80 |   107 ||   187

Table legend: (Time is in decaauts)
 A = Elapsed time spent in this place.
 B = Non-inter-level travel time spent in this place.
 C = Inter-level travel time spent in this place.
 D = Time resting spent in this place.
 E = Time spent auto-exploring this place.
 F = Levels seen in this place.
 G = Mean time per level.
                   A        B        C        D        E       F      G
               +--------+--------+--------+--------+--------+-----+--------+
         Total |   4870 |   4806 |     64 |    346 |   3810 |   3 | 1623.3 |
       Dungeon |   4870 |   4806 |     64 |    346 |   3810 |   3 | 1623.3 |
               +--------+--------+--------+--------+--------+-----+--------+

Top non-repeatable levels by time:
     D:1: 2367 daAuts
     D:2: 2322 daAuts
     D:3: 180 daAuts
